Map: Efflorescence LE

Players

Duffman - Winner!

  • Race: Terran Terran
  • Spawn Location: 9:00

Ivadios - Winner!

  • Race: Zerg Zerg
  • League: Bronze
  • Spawn Location: 6:00

SPAIDIar

  • Race: Zerg Zerg
  • Spawn Location: 12:00

даня

  • Race: Terran Terran
  • League: Silver
  • Spawn Location: 3:00

VOD

Have the link to the VOD?

Description

Time

  • Played on: June 4, 2020, 2:29 p.m.
  • Length: 9:47
Show
View Real Time Build Order
Export as new Build Order

Duffman Terran - Winner!

Build Orders:  

Get SALT Encoding   

  12  0:01  SCV  
  13  0:13  SCV  
  14  0:18  Supply Depot  
  14  0:25  SCV  
  15  0:29  Refinery  
  15  0:42  Barracks  
  15  0:48  SCV  
  16  1:00  SCV  
  17  1:08  Supply Depot  
  17  1:12  SCV  
  18  1:27  SCV  
  18  1:29  Reaper  
  20  1:34  Refinery  
  20  1:39  SCV  
  21  1:51  SCV  
  22  2:03  SCV  
  23  2:15  SCV  
  24  2:23  Factory  
  24  2:24  Barracks Tech Lab  
  24  2:32  Barracks  
  23  2:43  Marine  
  24  2:49  Command Center  
  23  3:05  Orbital Command  
  23  3:07  Factory Tech Lab  
  23  3:11  Marine  
  24  3:21  Bunker  
  24  3:29  Siege Tank  
  27  3:37  Stimpack  
  27  3:45  SCV  
  28  3:52  Barracks Reactor  
  28  3:57  SCV, Marine  
  28  4:02  Siege Tank  
  33  4:26  Starport  
  33  4:29  Barracks  
  33  4:33  Supply Depot  
  33  4:34  Supply Depot  
  33  4:37  Marine x2  
  35  4:38  Marine  
  36  4:50  Orbital Command  
  36  5:03  SCV  
  37  5:10  Starport Reactor  
  37  5:11  Marine  
  37  5:12  Marine  
  37  5:13  Marine  
  40  5:31  Marine x2  
  40  5:33  Barracks Reactor  
  42  5:36  Marine  
  42  5:39  Combat Shield  
  46  5:42  Siege Tank  
  46  5:44  SCV x2  
  48  5:56  SCV x2, Marine x2  
  52  5:57  Marine  
  52  5:59  Medivac x2  
  57  6:05  Supply Depot  
  57  6:10  Marine x2  
  59  6:17  Engineering Bay  
  59  6:18  Engineering Bay  
  59  6:24  Marine  
  59  6:25  Marine x2  
  62  6:35  Medivac x2  
  62  6:36  Marine x2  
  68  6:42  Marine x2  
  68  6:46  Supply Depot  
  70  6:48  Terran Infantry Armor Level 1  
  70  6:49  Terran Infantry Weapons Level 1  
  70  6:55  Missile Turret  
  70  6:58  Missile Turret  
  70  7:07  Marine x4  
  74  7:41  SCV  
  74  7:42  SCV, Marine x2  
  78  8:39  Marine x2  
  78  8:42  Siege Tank, Marine x3  
  77  8:57  Marine  
Show
View Real Time Build Order
Export as new Build Order

Ivadios Zerg - Winner!

Build Orders: Pool First 

Get SALT Encoding   

  12  0:08  Overlord  
  12  0:13  Drone  
  13  0:34  Spawning Pool  
  12  0:49  Drone  
  14  0:50  Drone x2  
  15  1:10  Extractor  
  14  1:23  Queen  
  16  1:29  Drone x3  
  19  2:05  Zergling x6  
  22  2:21  Metabolic Boost  
  20  3:55  Hatchery  
  19  4:14  Zergling x4  
  19  4:15  Zergling x2  
  22  4:20  Burrow  
  22  4:24  Overlord x3  
  22  4:59  Drone x2  
  24  5:00  Drone x2  
  26  5:22  Baneling Nest  
  25  5:31  Queen  
  27  6:06  Extractor  
  26  6:18  Extractor, Drone x3  
  26  6:19  Drone x3  
  26  6:20  Extractor  
  30  6:37  Drone x2  
  32  6:49  Drone x2  
  34  7:18  Drone x2  
  36  7:27  Lair  
  36  7:52  Evolution Chamber  
  36  7:54  Evolution Chamber  
  34  8:01  Zergling x2  
  34  8:02  Zergling x12  
  34  8:03  Zergling x10  
Show
View Real Time Build Order
Export as new Build Order

SPAIDIar Zerg 

Build Orders: Pool Only 

Get SALT Encoding   

  12  0:54  Spawning Pool  
  12  0:57  Extractor, Drone  
  10  0:58  Drone x2  
  13  1:33  Drone  
  13  1:35  Extractor, Overlord  
  13  1:57  Lair  
  13  2:03  Drone x3  
  16  2:50  Drone x3  
  19  3:03  Queen  
  21  3:13  Infestation Pit  
  20  3:20  Zergling x2  
  20  3:21  Zergling x2  
  22  3:28  Overlord  
  22  3:50  Neural Parasite  
  22  4:15  Infestor  
  24  4:18  Infestor  
  26  4:49  Infestor  
  28  5:37  Burrow  
  28  6:01  Zergling x4  
  28  6:03  Overlord  
  30  6:53  Infestor x3  
  36  7:51  Zergling x4  
  36  7:53  Overlord  
  26  8:54  Infestor x3  
  22  9:13  Zergling x2  
Show
View Real Time Build Order
Export as new Build Order

даня Terran 

Build Orders:  

Get SALT Encoding   

  12  0:14  Supply Depot  
  12  0:47  Barracks  
  12  0:48  Barracks  
  12  0:56  SCV  
  13  1:08  SCV  
  14  1:20  SCV  
  15  1:32  SCV  
  16  1:37  Marine x2  
  18  1:49  Supply Depot  
  18  1:54  Marine  
  18  1:55  Marine  
  20  2:09  SCV  
  20  2:12  Marine x2  
  23  2:30  Marine x2  
  19  3:27  Marine x2  
  21  3:41  Bunker  
  21  3:44  Marine  
  21  3:45  Marine  
  23  4:01  Refinery  
  23  4:02  Marine x2  
  25  4:12  SCV  
  25  4:13  Bunker  
  26  4:20  Marine x2  
  26  4:24  SCV  
  29  4:26  Refinery  
  29  4:36  SCV  
  29  4:38  Marine  
  31  4:45  Bunker  
  31  5:01  Supply Depot  
  31  5:15  Bunker  
  31  5:22  SCV, Marine  
  31  5:23  Supply Depot  
  33  5:32  Marine  
  34  5:40  Marine  
  35  5:46  Supply Depot  
  35  5:50  Marine  
  36  5:57  Marine  
  36  5:59  SCV  
  36  6:03  Factory  
  38  6:08  Marine  
  39  6:15  Marine  
  40  6:26  Marine  
  41  6:33  Marine  
  42  6:43  Marine  
  43  6:58  Factory Tech Lab  
  43  7:01  Starport  
  43  7:45  Starport Tech Lab  
Tags
 
Add a new tag
Caveats
  • Supply blocks, unpowered buildings, or Contaminate may cause inaccurate times.
  • Supply counts are checked every 10 seconds.